Map: Central Protocol

Players

Kelazhur - Winner!

  • Race: Terran Terran
  • League: Diamond

Shura (Scarlett)

  • Race: Zerg Zerg
  • League: Grandmaster

Event: NationWars III

VOD

https://www.youtube.com/watch?v=KJ_TXxwnihE

Description

Time

  • Played on: Nov. 20, 2015, 4:18 p.m.
  • Length: 11:52
Show
View Real Time Build Order
Export as new Build Order

Kelazhur Terran - Winner!

Build Orders: Liberator Opening, MMM Bio 

Get SALT Encoding   

  12  0:01  SCV  
  13  0:13  SCV  
  14  0:17  Supply Depot  
  14  0:25  SCV  
  15  0:38  SCV  
  15  0:42  Barracks  
  16  0:51  SCV  
  17  1:03  SCV  
  18  1:13  Command Center  
  18  1:17  SCV  
  19  1:24  Refinery  
  19  1:29  Orbital Command  
  19  1:32  Marine  
  20  1:38  Refinery  
  20  1:42  Refinery  
  20  1:50  Marine  
  21  1:56  SCV  
  21  1:57  Supply Depot  
  22  2:08  Marine  
  23  2:18  SCV  
  24  2:25  Orbital Command  
  24  2:29  Factory  
  24  2:31  SCV  
  24  2:34  Barracks Reactor  
  25  2:43  SCV  
  26  2:45  Bunker  
  25  2:55  SCV  
  25  2:56  SCV  
  27  3:07  SCV  
  27  3:08  SCV  
  29  3:13  Starport  
  29  3:19  SCV  
  30  3:20  SCV  
  30  3:21  Hellion x2  
  30  3:22  Supply Depot  
  35  3:31  SCV  
  35  3:32  SCV  
  35  3:33  Liberator  
  37  3:36  Supply Depot  
  37  3:43  SCV, Hellion x2, Barracks Tech Lab  
  37  3:47  SCV  
  47  3:55  SCV  
  47  3:59  SCV  
  48  4:10  Command Center  
  48  4:12  Hellion  
  48  4:13  Hellion  
  48  4:15  SCV  
  53  4:23  SCV  
  54  4:26  Engineering Bay  
  54  4:29  Marine  
  54  4:30  Stimpack  
  55  4:33  SCV  
  55  4:36  SCV  
  57  4:44  Hellion x2  
  57  4:45  SCV  
  62  4:48  Supply Depot  
  62  4:55  SCV  
  55  5:05  Hellion x2  
  48  5:13  SCV  
  49  5:14  SCV  
  50  5:22  Marine  
  50  5:24  Armory  
  50  5:25  SCV, Orbital Command  
  50  5:27  SCV, Barracks x2  
  53  5:31  Hellion  
  53  5:32  Hellion  
  51  5:37  SCV  
  51  5:39  SCV  
  51  5:42  Marine  
  51  5:47  Terran Infantry Weapons Level 1  
  51  5:49  SCV  
  52  5:51  SCV  
  52  5:52  Engineering Bay  
  52  5:53  SCV  
  54  6:00  Viking  
  54  6:01  SCV, Marine  
  54  6:03  SCV  
  59  6:05  SCV  
  60  6:14  SCV, Hellion x5  
  60  6:15  Engineering Bay  
  60  6:18  SCV x2  
  63  6:19  Barracks Reactor x2  
  63  6:26  SCV, Barracks  
  63  6:27  Marine  
  63  6:28  Barracks  
  63  6:30  SCV  
  66  6:33  SCV  
  66  6:37  Combat Shields  
  67  6:43  Starport Reactor  
  67  6:44  SCV  
  67  6:45  Marine  
  69  6:50  Terran Infantry Armor Level 1  
  69  6:51  Hellion x5  
  69  6:52  Refinery  
  69  6:53  Bunker x2, Missile Turret  
  69  6:54  Refinery  
  69  6:59  Marine  
  68  7:02  Marine  
  68  7:04  Marauder, Marine x2  
  68  7:07  Orbital Command  
  73  7:09  SCV x2  
  73  7:12  Supply Depot  
  71  7:17  Barracks Reactor x2, Marine  
  71  7:20  Barracks  
  71  7:21  SCV, Medivac x2, Widow Mine x2  
  71  7:22  Barracks  
  75  7:29  Factory  
  73  7:35  Marine  
  73  7:36  Marine x3  
  77  7:37  Marauder  
  77  7:39  SCV x2  
  81  7:47  SCV  
  82  7:51  SCV x2, Terran Infantry Weapons Level 2  
  82  7:53  Medivac  
  82  7:55  Bunker  
  82  7:58  Medivac  
  88  7:59  SCV  
  88  8:00  Marine  
  88  8:01  Marauder  
  88  8:03  SCV  
  93  8:08  SCV  
  93  8:15  SCV, Marine  
  93  8:16  Marine x2  
  86  8:29  Marauder  
  86  8:30  Marine  
  86  8:34  Supply Depot x2, Marine  
  85  8:35  Supply Depot  
  85  8:38  Factory Tech Lab  
  85  8:39  Barracks Reactor  
  85  8:40  Barracks Tech Lab, Bunker  
  85  8:48  Terran Infantry Armor Level 2  
  85  8:55  SCV x3, Medivac x2, Widow Mine x2  
  92  9:00  Marine  
  92  9:01  Marine  
  92  9:02  Concussive Shells  
  98  9:03  Marauder x2  
  98  9:06  Marine  
  98  9:07  SCV x2  
  98  9:08  Marine  
  106  9:15  Marine  
  106  9:16  SCV  
  108  9:19  SCV  
  108  9:26  Marauder  
  108  9:27  Marauder  
  108  9:28  Marine  
  108  9:31  Medivac x2  
  109  9:32  Widow Mine  
  109  9:33  Widow Mine  
  108  9:44  SCV  
  109  9:46  SCV x2  
  109  9:56  Supply Depot  
  109  9:57  Supply Depot x2  
  109  9:58  Supply Depot  
  109  10:00  Supply Depot, Barracks  
  109  10:01  Supply Depot  
  109  10:17  SCV, Marine  
  109  10:18  Marauder x2  
  115  10:27  Marine x2  
  115  10:28  Widow Mine x2, Marine  
  118  10:32  Command Center, Siege Tank  
  118  10:35  Refinery  
  125  10:38  Medivac x2  
  125  10:39  Marauder x2  
  133  10:46  Marine  
  133  10:47  Marine x5  
  133  10:49  Marine  
  136  10:58  Marine  
  136  11:00  Marauder x2  
  129  11:06  Marine  
  129  11:07  Marine x7  
  136  11:22  Marauder x2  
  136  11:25  Marine  
  133  11:26  Marine  
  133  11:27  Marine x3  
  133  11:32  Marine  
  129  11:33  Marine x5  
Show
View Real Time Build Order
Export as new Build Order

Shura Zerg 

Build Orders: Hatch First 

Get SALT Encoding   

  12  0:00  Drone  
  13  0:13  Overlord  
  13  0:18  Drone  
  14  0:31  Drone x2  
  14  0:35  Drone  
  17  0:47  Drone  
  18  0:55  Hatchery  
  17  0:59  Drone  
  18  1:11  Spawning Pool  
  17  1:15  Drone, Extractor  
  17  1:19  Drone  
  18  1:28  Drone  
  19  1:41  Overlord  
  19  2:01  Zergling x2  
  19  2:02  Queen  
  19  2:04  Drone  
  23  2:15  Metabolic Boost, Drone x2, Queen  
  27  2:27  Drone x2  
  29  2:38  Hatchery  
  29  2:42  Queen  
  30  2:45  Drone  
  30  2:50  Overlord  
  31  2:53  Drone  
  31  2:56  Drone  
  33  3:00  Drone  
  33  3:01  Drone  
  33  3:03  Drone  
  36  3:10  Drone  
  36  3:11  Drone x2  
  39  3:13  Drone  
  39  3:18  Overlord  
  40  3:22  Baneling Nest  
  40  3:26  Drone x2  
  41  3:28  Drone  
  41  3:31  Extractor  
  41  3:32  Drone  
  42  3:36  Overlord  
  42  3:37  Drone  
  43  3:43  Zergling x4  
  45  3:53  Zergling x2  
  45  3:54  Zergling x6  
  49  3:58  Overlord  
  49  4:01  Zergling x8  
  53  4:14  Zergling x2  
  53  4:15  Zergling x6  
  56  4:24  Zergling x12  
  62  4:35  Baneling  
  62  4:36  Baneling x4  
  62  4:40  Zergling x8  
  62  4:44  Overlord  
  65  4:45  Zergling x2  
  65  4:46  Zergling x4  
  65  4:52  Zergling x10  
  65  5:02  Zergling x2  
  65  5:03  Zergling x2  
  63  5:07  Lair  
  55  5:17  Drone x5  
  52  5:35  Drone  
  52  5:36  Drone x2  
  52  5:39  Drone  
  53  5:43  Extractor  
  53  5:44  Extractor  
  53  5:47  Zergling x4  
  53  5:48  Zergling x4  
  55  5:51  Drone x2  
  55  5:52  Roach Warren, Drone  
  55  5:53  Evolution Chamber  
  55  5:56  Hatchery  
  55  6:05  Queen  
  55  6:11  Drone x9  
  59  6:17  Drone x3  
  69  6:22  Queen  
  71  6:28  Overlord  
  70  6:33  Roach  
  70  6:34  Roach x3  
  75  6:41  Roach x3  
  75  6:45  Glial Reconstitution  
  71  6:50  Roach x2  
  68  6:56  Roach x2  
  68  6:57  Ravager  
  68  6:58  Ravager  
  74  7:03  Ravager  
  74  7:04  Ravager  
  74  7:06  Zerg Missile Weapons Level 1  
  74  7:10  Evolution Chamber  
  73  7:18  Drone x7  
  79  7:30  Ravager  
  79  7:31  Ravager x2  
  79  7:34  Drone x5  
  87  7:42  Overlord  
  87  7:43  Overlord x2  
  87  7:44  Drone, Extractor  
  86  7:45  Overseer  
  87  7:56  Drone  
  88  8:03  Roach  
  88  8:04  Roach x5  
  92  8:22  Roach x5  
  84  8:30  Roach  
  84  8:31  Roach  
  79  8:36  Queen  
  79  8:40  Roach x3  
  87  8:48  Drone x2, Spire  
  87  8:51  Ravager x4  
  87  8:54  Drone x2  
  91  8:58  Drone x2  
  91  8:59  Drone x3, Queen  
  98  9:04  Overlord  
  98  9:06  Overlord  
  98  9:07  Overlord  
  98  9:09  Zerg Missile Weapons Level 2  
  98  9:11  Drone  
  99  9:17  Roach x2  
  103  9:29  Roach x6  
  111  9:34  Roach x3  
  107  9:40  Roach  
  109  9:46  Overlord x2  
  105  9:54  Queen  
  105  9:55  Drone x3  
  105  9:57  Drone x4  
  105  9:58  Roach x2  
  118  10:02  Roach  
  118  10:04  Overlord  
  120  10:07  Drone x3  
  123  10:18  Ravager x3  
  126  10:22  Roach x4  
  126  10:28  Roach x6  
  135  10:36  Corruptor x2  
  135  10:42  Queen  
  141  10:43  Overseer  
  130  10:55  Drone  
  130  10:56  Drone x5  
  132  11:07  Roach x3  
  138  11:11  Overlord  
  138  11:12  Overlord  
  138  11:18  Overlord  
  138  11:19  Overlord  
  132  11:28  Roach  
  132  11:29  Roach x2  
Tags
 
Add a new tag
Caveats
  • Supply blocks, unpowered buildings, or Contaminate may cause inaccurate times.
  • Supply counts are checked every 10 seconds.